 Dungeon Crawl Stone Soup version bcrawl-1.32 (webtiles) character file.

Game seed: 17705674271998288118

116443 Morbidden the Ducker (level 4, -1/35 HPs)
             Began as a Djinni Archaeologist on June 27, 2021.
             Slain by an adder (3 damage)
             ... on level 2 of the Dungeon.
             The game lasted 00:02:14 (1838 turns).

Morbidden the Ducker (Djinni Archaeologist)         Turns: 1838, Time: 00:02:14

Health: -1/35      AC:  5    Str: 15    XL:     4   Next: 0%
Magic:  4/4        EV: 13    Int: 16    God:
Gold:   96         SH:  0    Dex:  9    Spells: 3/3 levels left

rFire    . . .     SeeInvis .   a - +0 dagger
rCold    . . .     Gourm    .   (no shield)
rNeg     . . .     Faith    .   l - +1 robe
rPois    .         Spirit   .   d - +1 hat
rElec    .         Reflect  .   (no cloak)
rCorr    .         Harm     .   o - +0 pair of gloves
MR       .....     Rnd*Rage +   (boots unavailable)
Stlth    ++........             (no amulet)
HPRegen  0.11/turn              (no ring)
MPRegen  0.09/turn              (no ring)

@: lethally poisoned (-1 -> -5), flying
A: never pass out, berserk 2, blink, blurry vision 2, wild magic 2, MP-powered
wands, floating
a: Blink


You were on level 2 of the Dungeon.
You were not hungry.

You visited 1 branch of the dungeon, and saw 2 of its levels.

You collected 96 gold pieces.

Inventory:

Hand Weapons
 a - a +0 dagger (weapon)
 b - a +0 blowgun
Missiles
 f - 6 curare-tipped needles
 j - 89 poisoned tomahawks (quivered)
Armour
 d - a +1 hat (worn)
 l - a +1 robe (worn)
 o - a +0 pair of gloves (worn)
Scrolls
 g - a scroll of magic mapping
 i - a scroll of identify
 k - a scroll of noise {unknown}
 n - a scroll of remove curse {unknown}
Miscellaneous
 h - a dusty tome
Comestibles
 e - 4 rations {!d}
 m - 2 chunks of flesh


   Skills:
 * Level 1.5 Fighting
 * Level 1.1 Short Blades
   Level 1.0 Maces & Flails
 + Level 0.1 Throwing
 * Level 4.1 Dodging
 + Level 2.8 Stealth


You had 3 spell levels left.
You didn't know any spells.
Your spell library was empty.

Dungeon Overview and Level Annotations

Branches:
Dungeon (2/12)

Altars:


Innate Abilities, Weirdness & Mutations

You never pass out after going berserk.
You often lose your temper in combat.
You can translocate small distances at will.
Scrolls take you longer to read.
Your spells are harder to cast, but more powerful.
You expend magic power (3 MP) to strengthen your wands.
Your body floats in the air.


Message History

You feel sick. The adder bites you but does no damage. The adder bites you.
* * * LOW HITPOINT WARNING * * *
You have reached level 4!
You feel stronger.
You feel less in control of your magic.
You feel jittery.
You aren't carrying any potions.
Unknown command.
You aren't carrying any potions.
Unknown command.
You aren't carrying any potions.
Unknown command.
Okay, then.
Throwing (i - inventory)
j - 90 poisoned tomahawks (quivered)
Press: ? - help, Shift-Dir - straight line, f/p - adder
Aim: an adder (heavily wounded)
You throw a poisoned tomahawk. The poisoned tomahawk misses the adder.
The poisoned tomahawk closely misses the kobold.
The poisoned tomahawk closely misses the goblin.
The adder bites you but does no damage. The adder bites you.
You die...

#...............##.#####.##
#######..............##.....#.##
.................###.##.....#.##
#######..........# ..#.....#.##
########..........# ..#.....#.##
#.................# ............+
#........###......##....#....#.##
#........##############.######.##
.............gKS@....... #+#
#........#.....########.
#........#.....# #........#######
#.....g..# ##...########
#...###....# ##.........#
#....<......


You could see an adder, a goblin and a kobold.

Vanquished Creatures
  2 worms (D:2)
  A dart slug (D:2)
  6 leopard geckos
  2 giant cockroaches (D:2)
  9 goblins
  6 hobgoblins
  4 jackals
  A ball python (D:1)
  9 bats
  2 frilled lizards
  2 kobolds
  5 rats
49 creatures vanquished.

Notes
Turn   | Place    | Note
-------+----------+-------------------------------------------
     0 | D:1      | Morbidden the Djinni Archaeologist began the quest for the
                  | Orb.
     0 | D:1      | Reached XP level 1. HP: 16/16 MP: 1/1
   193 | D:1      | Reached XP level 2. HP: 22/23 MP: 2/2
   738 | D:1      | Reached XP level 3. HP: 19/28 MP: 3/3
  1466 | D:2      | Reached skill level 4 in Dodging
  1695 | D:2      | Reached skill level 1 in Short Blades
  1838 | D:2      | Gained mutation: Your spells are harder to cast, but more
                  | powerful. [Djinni growth]
  1838 | D:2      | Gained mutation: You can translocate small distances at
                  | will. [Djinni growth]
  1838 | D:2      | Reached XP level 4. HP: 2/35 MP: 4/4
  1838 | D:2      | Slain by an adder

Skill      XL: |  1  2  3 |
---------------+----------+-----
Dodging        | 4 |  4.1
Short Blades   | 1 |  1.1
Fighting       | |  1.5
Maces & Flails | |  1.0
Throwing       | |  0.1
Stealth        | |  2.8

Action                   |  1- 3 |  4- 6 || total
-------------------------+-------+-------++-------
Melee: Whip              |    41 |       ||    41
       Dagger            |   165 |       ||   165
Throw: Tomahawk          |    12 |     1 ||    13
 Stab: Sleeping          |     1 |       ||     1
  Eat: Chunk             |     9 |       ||     9
Armor: Robe              |    69 |     1 ||    70
Dodge: Dodged            |   169 |       ||   169
